BSA
KALAMAZOO ROYALE WITH CHEESE @ BEECH MOUNTAIN MOUNTAINEERS
05/31/2028
 
TOP OF THE 1ST
Kalamazoo Royale with Cheese batting - Pitching for Beech Mountain Mountaineers : RHP Júlio Torres
Pitching: RHP Júlio Torres
Batting: RHB Greg Handrahan 0-0: Called Strike
0-1: SINGLE (Flyball, 78S)
Batting: LHB Doyle Otterburn 0-0: Fly out, F7 (Flyball, 7S)
Batting: RHB Andy Aiton 0-0: Ball
Greg Handrahan is caught stealing 2nd base
1-0: Called Strike
1-1: Called Strike
1-2: Fly out, F9 (Flyball, 89D)
Top of the 1st over - 0 run(s), 1 hit(s), 0 error(s), 0 left on base; Kalamazoo 0 - Beech Mountain 0
BOTTOM OF THE 1ST
Beech Mountain Mountaineers batting - Pitching for Kalamazoo Royale with Cheese : LHP Lorenzo Sánchez
Pitching: LHP Lorenzo Sánchez
Batting: SHB Tony López 0-0: Foul Ball, location: 2F
0-1: Ball
1-1: Foul Ball, location: 2F
1-2: Ball
2-2: Ball
3-2: Foul Ball, location: 2F
3-2: Ground out 4-3 (Groundball, 4)
Batting: RHB António Zúñiga 0-0: Ball
1-0: Ball
2-0: Foul Ball, location: 2F
2-1: Ball
3-1: Swinging Strike
3-2: Foul Ball, location: 2F
3-2: SINGLE (Groundball, 56D)
Batting: LHB Chris Bates 0-0: SINGLE (Line Drive, 34D)
António Zúñiga to second
Batting: SHB Juan Castro 0-0: Ball
António Zúñiga steals 3rd base
Chris Bates to second
1-0: Ball
2-0: Ball
3-0: Called Strike
3-1: Base on Balls
Batting: RHB Jared Thompson 0-0: Ball
1-0: Foul Ball, location: 2F
1-1: Ball
2-1: Foul Ball, location: 2F
2-2: SINGLE (Groundball, 6MD)
António Zúñiga scores
Chris Bates to third
Juan Castro to second
Runner from 3rd tries for Home, SAFE, throw made home
Juan Castro to third
Jared Thompson to second
Batting: SHB Miguel González 0-0: Ball
1-0: Ball
2-0: Ball
3-0: Base on Balls
Batting: RHB John Anderson 0-0: Called Strike
0-1: SINGLE (Groundball, 34D)
Juan Castro scores
Jared Thompson to third
Miguel González to second
Runner from 3rd tries for Home, SAFE, no throw
Batting: LHB Tommy Payne 0-0: Grounds into double play, 3-6-3 (Groundball, 34)
Bottom of the 1st over - 4 run(s), 4 hit(s), 0 error(s), 1 left on base; Kalamazoo 0 - Beech Mountain 4
TOP OF THE 2ND
Kalamazoo Royale with Cheese batting - Pitching for Beech Mountain Mountaineers : RHP Júlio Torres
Batting: LHB Donovan Bird 0-0: SOLO HOME RUN (Flyball, 78D), Distance : 389 ft
Batting: LHB Roberto Sandoval 0-0: Hit by Pitch
Batting: LHB Greg Schultz 0-0: Fly out, F7 (Flyball, 7S)
Batting: LHB Bill McJannett 0-0: Called Strike
0-1: Called Strike
0-2: Ball
1-2: 2-RUN HOME RUN (Flyball, 9D), Distance : 371 ft
Batting: RHB Jorge Márquez 0-0: Ball
1-0: Ball
2-0: Foul Ball, location: 2F
2-1: Ball
3-1: Foul Ball, location: 2F
3-2: SINGLE (Groundball, 6MD)
Batting: SHB Caden Keith 0-0: Fly out, F6 (Line Drive, 6)
Batting: RHB Greg Handrahan 0-0: Swinging Strike
0-1: Ball
1-1: Called Strike
1-2: Ball
2-2: Ball
3-2: SINGLE (Flyball, 6MD)
Jorge Márquez to second
Jorge Márquez to third
Batting: LHB Doyle Otterburn 0-0: Ball
1-0: 3-RUN HOME RUN (Flyball, 9D), Distance : 353 ft
Batting: RHB Andy Aiton 0-0: Swinging Strike
0-1: Foul Ball, location: 2F
0-2: Strikes out swinging
Top of the 2nd over - 6 run(s), 5 hit(s), 0 error(s), 0 left on base; Kalamazoo 6 - Beech Mountain 4
BOTTOM OF THE 2ND
Beech Mountain Mountaineers batting - Pitching for Kalamazoo Royale with Cheese : LHP Lorenzo Sánchez
Batting: RHB Rafael González 0-0: Called Strike
0-1: Ball
1-1: Ball
2-1: Ball
3-1: Called Strike
3-2: Base on Balls
Batting: SHB Tony López 0-0: Called Strike
0-1: Foul Ball, location: 2F
0-2: Ball
1-2: Foul Ball, location: 2F
1-2: Grounds into double play, 6-4-3 (Groundball, 6M)
Batting: RHB António Zúñiga 0-0: Called Strike
0-1: Swinging Strike
0-2: Foul Ball, location: 2F
0-2: SINGLE (Flyball, 9LM)
Batting: LHB Chris Bates 0-0: Called Strike
0-1: Fly out, F6 (Line Drive, 6)
Bottom of the 2nd over - 0 run(s), 1 hit(s), 0 error(s), 1 left on base; Kalamazoo 6 - Beech Mountain 4
TOP OF THE 3RD
Kalamazoo Royale with Cheese batting - Pitching for Beech Mountain Mountaineers : RHP Júlio Torres
Batting: LHB Donovan Bird 0-0: Swinging Strike
0-1: Swinging Strike
0-2: Strikes out swinging
Batting: LHB Roberto Sandoval 0-0: Ball
1-0: Ball
2-0: SOLO HOME RUN (Flyball, 9LD), Distance : 349 ft
Batting: LHB Greg Schultz 0-0: Ball
1-0: Foul Ball, location: 2F
1-1: Ball
2-1: Foul Ball, location: 2F
2-2: Strikes out swinging
Batting: LHB Bill McJannett 0-0: Foul Ball, location: 2F
0-1: Foul Ball, location: 2F
0-2: Ball
1-2: Ball
2-2: Foul Ball, location: 2F
2-2: DOUBLE (Line Drive, 78D)
Batting: RHB Jorge Márquez 0-0: TRIPLE (Line Drive, 8LD)
Bill McJannett scores
Pitching: RHP Tony Murillo
Batting: SHB Caden Keith 0-0: Called Strike
0-1: Called Strike
0-2: Ball
1-2: Foul Ball, location: 2F
1-2: Ball
2-2: Strikes out swinging
Top of the 3rd over - 2 run(s), 3 hit(s), 0 error(s), 1 left on base; Kalamazoo 8 - Beech Mountain 4
BOTTOM OF THE 3RD
Beech Mountain Mountaineers batting - Pitching for Kalamazoo Royale with Cheese : LHP Lorenzo Sánchez
Batting: SHB Juan Castro 0-0: Ball
1-0: Called Strike
1-1: Fly out, F8 (Flyball, 8RD)
Batting: RHB Jared Thompson 0-0: Ball
1-0: Called Strike
1-1: Ball
2-1: Ball
3-1: Base on Balls
Batting: SHB Miguel González 0-0: Ball
1-0: Grounds into double play, 4-6-3 (Groundball, 4)
Bottom of the 3rd over - 0 run(s), 0 hit(s), 0 error(s), 0 left on base; Kalamazoo 8 - Beech Mountain 4
TOP OF THE 4TH
Kalamazoo Royale with Cheese batting - Pitching for Beech Mountain Mountaineers : RHP Tony Murillo
Batting: RHB Greg Handrahan 0-0: SOLO HOME RUN (Flyball, 7D), Distance : 383 ft
Batting: LHB Doyle Otterburn 0-0: SINGLE (Groundball, 56D)
Batting: RHB Andy Aiton 0-0: Swinging Strike
0-1: SINGLE (Line Drive, 4D)
Doyle Otterburn to second
Runner from 2nd tries for 3rd, SAFE, throw made to third
Batting: LHB Donovan Bird 0-0: Ball
1-0: Foul Ball, location: 2F
1-1: Foul Ball, location: 2F
1-2: Foul Ball, location: 2F
1-2: Ball
2-2: Foul Ball, location: 2F
2-2: Ball
3-2: Foul Ball, location: 2F
3-2: Grounds into double play, 4-6-3 (Groundball, 34)
Doyle Otterburn scores
Batting: LHB Roberto Sandoval 0-0: Ball
1-0: Ball
2-0: Foul Ball, location: 2F
2-1: Ground out 4-3 (Groundball, 4S)
Top of the 4th over - 2 run(s), 3 hit(s), 0 error(s), 0 left on base; Kalamazoo 10 - Beech Mountain 4
BOTTOM OF THE 4TH
Beech Mountain Mountaineers batting - Pitching for Kalamazoo Royale with Cheese : LHP Lorenzo Sánchez
Batting: RHB John Anderson 0-0: Foul Ball, location: 2F
0-1: Ball
1-1: Ball
2-1: Ground out 5-3 (Groundball, 56S)
Batting: LHB Tommy Payne 0-0: Ball
1-0: Called Strike
1-1: Foul Ball, location: 2F
1-2: Ball
2-2: Strikes out looking
Batting: RHB Rafael González 0-0: Ball
1-0: Foul Ball, location: 2F
1-1: Foul Ball, location: 2F
1-2: Ground out 6-3 (Groundball, 6)
Bottom of the 4th over - 0 run(s), 0 hit(s), 0 error(s), 0 left on base; Kalamazoo 10 - Beech Mountain 4
TOP OF THE 5TH
Kalamazoo Royale with Cheese batting - Pitching for Beech Mountain Mountaineers : RHP Tony Murillo
Batting: LHB Greg Schultz 0-0: Called Strike
0-1: Foul Ball, location: 2F
0-2: Strikes out looking
Batting: LHB Bill McJannett 0-0: Swinging Strike
0-1: Ball
1-1: Ball
2-1: DOUBLE (Line Drive, 78S)
Batting: RHB Jorge Márquez 0-0: Ball
1-0: Swinging Strike
1-1: Ball
2-1: Ball
3-1: Foul Ball, location: 2F
3-2: Strikes out looking
Batting: SHB Caden Keith 0-0: Ball
1-0: Ball
2-0: Called Strike
2-1: Fly out, F7 (Flyball, 78S)
Top of the 5th over - 0 run(s), 1 hit(s), 0 error(s), 1 left on base; Kalamazoo 10 - Beech Mountain 4
BOTTOM OF THE 5TH
Beech Mountain Mountaineers batting - Pitching for Kalamazoo Royale with Cheese : LHP Lorenzo Sánchez
Batting: SHB Tony López 0-0: Called Strike
0-1: Fly out, F7 (Flyball, 7D)
Batting: RHB António Zúñiga 0-0: Ball
1-0: Swinging Strike
1-1: Ball
2-1: Ball
3-1: Fly out, F4 (Popup, 34D)
Batting: LHB Chris Bates 0-0: Called Strike
0-1: Foul Ball, location: 2F
0-2: Ball
1-2: Ball
2-2: Ground out 1-3 (Groundball, 15)
Bottom of the 5th over - 0 run(s), 0 hit(s), 0 error(s), 0 left on base; Kalamazoo 10 - Beech Mountain 4
TOP OF THE 6TH
Kalamazoo Royale with Cheese batting - Pitching for Beech Mountain Mountaineers : RHP Tony Murillo
Batting: RHB Greg Handrahan 0-0: Called Strike
0-1: Ball
1-1: Ground out 6-3 (Groundball, 6M)
Batting: LHB Doyle Otterburn 0-0: Ball
1-0: Ball
2-0: Ball
3-0: Called Strike
3-1: Called Strike
3-2: Foul Ball, location: 2F
3-2: Fly out, F8 (Flyball, 78XD)
Batting: RHB Andy Aiton 0-0: Swinging Strike
0-1: Fly out, F9 (Flyball, 9S)
Top of the 6th over - 0 run(s), 0 hit(s), 0 error(s), 0 left on base; Kalamazoo 10 - Beech Mountain 4
BOTTOM OF THE 6TH
Beech Mountain Mountaineers batting - Pitching for Kalamazoo Royale with Cheese : LHP Lorenzo Sánchez
Batting: SHB Juan Castro 0-0: Ball
1-0: Swinging Strike
1-1: Ball
2-1: Swinging Strike
2-2: Ball
3-2: Base on Balls
Pitching: LHP Terry Klassen
Batting: RHB Jared Thompson 0-0: Ball
1-0: Called Strike
1-1: Foul Ball, location: 2F
1-2: Ball
2-2: Ball
3-2: Strikes out swinging
Batting: SHB Miguel González 0-0: Called Strike
0-1: Ball
1-1: Foul Ball, location: 2F
1-2: Strikes out swinging
Batting: RHB John Anderson 0-0: Ball
1-0: 2-RUN HOME RUN (Flyball, 89XD), Distance : 397 ft
Batting: LHB Tommy Payne 0-0: Called Strike
0-1: Foul Ball, location: 2F
0-2: Ball
1-2: Foul Ball, location: 2F
1-2: Foul Ball, location: 2F
1-2: Ball
2-2: Ball
3-2: Foul Ball, location: 2F
3-2: Strikes out looking
Bottom of the 6th over - 2 run(s), 1 hit(s), 0 error(s), 0 left on base; Kalamazoo 10 - Beech Mountain 6
TOP OF THE 7TH
Kalamazoo Royale with Cheese batting - Pitching for Beech Mountain Mountaineers : RHP Tony Murillo
Batting: LHB Donovan Bird 0-0: Ball
1-0: Ball
2-0: Ball
3-0: Called Strike
3-1: SOLO HOME RUN (Flyball, 89XD), Distance : 369 ft
Pitching: RHP Bret McJannett
Batting: LHB Roberto Sandoval 0-0: Fly out, F4 (Flyball, 4D)
Batting: LHB Greg Schultz 0-0: Ball
1-0: Ground out 4-3 (Groundball, 4)
Batting: LHB Bill McJannett 0-0: Ball
1-0: Ball
2-0: Ball
3-0: Base on Balls
Batting: RHB Jorge Márquez 0-0: Called Strike
0-1: Called Strike
0-2: Strikes out swinging
Top of the 7th over - 1 run(s), 1 hit(s), 0 error(s), 1 left on base; Kalamazoo 11 - Beech Mountain 6
BOTTOM OF THE 7TH
Beech Mountain Mountaineers batting - Pitching for Kalamazoo Royale with Cheese : LHP Terry Klassen
Batting: RHB Rafael González 0-0: Called Strike
0-1: Ball
1-1: Swinging Strike
1-2: Foul Ball, location: 2F
1-2: Strikes out swinging
Batting: SHB Tony López 0-0: Called Strike
0-1: Called Strike
0-2: Ball
1-2: Foul Ball, location: 2F
1-2: SOLO HOME RUN (Flyball, 8LXD), Distance : 419 ft
Batting: RHB António Zúñiga 0-0: Called Strike
0-1: Foul Ball, location: 2F
0-2: Strikes out swinging
Batting: LHB Chris Bates 0-0: Called Strike
0-1: Ball
1-1: Ball
2-1: Called Strike
2-2: Foul Ball, location: 2F
2-2: Ball
3-2: Strikes out looking
Bottom of the 7th over - 1 run(s), 1 hit(s), 0 error(s), 0 left on base; Kalamazoo 11 - Beech Mountain 7
TOP OF THE 8TH
Kalamazoo Royale with Cheese batting - Pitching for Beech Mountain Mountaineers : RHP Bret McJannett
Batting: SHB Caden Keith 0-0: Called Strike
0-1: DOUBLE (Flyball, 7LM)
Batting: RHB Greg Handrahan 0-0: Ball
1-0: Foul Ball, location: 2F
1-1: Foul Ball, location: 2F
1-2: Strikes out looking
Batting: LHB Doyle Otterburn 0-0: Intentional Walk
Batting: RHB Andy Aiton 0-0: Ball
1-0: Ball
2-0: Swinging Strike
2-1: Ball
3-1: Ground out 3-1 (Groundball, 34S)
Caden Keith to third
Doyle Otterburn to second
Batting: LHB Donovan Bird 0-0: Ball
1-0: Ball
2-0: Ball
3-0: Base on Balls
Batting: LHB Roberto Sandoval 0-0: Ball
1-0: Single, Error in OF, E7, batter to second base
Caden Keith scores
Doyle Otterburn scores
Donovan Bird to third
Batting: LHB Greg Schultz 0-0: Ball
1-0: Foul Ball, location: 2F
1-1: Called Strike
1-2: Ball
2-2: Ball
3-2: Strikes out swinging
Top of the 8th over - 2 run(s), 2 hit(s), 1 error(s), 2 left on base; Kalamazoo 13 - Beech Mountain 7
BOTTOM OF THE 8TH
Beech Mountain Mountaineers batting - Pitching for Kalamazoo Royale with Cheese : LHP Terry Klassen
Batting: SHB Juan Castro 0-0: Called Strike
0-1: Foul Ball, location: 2F
0-2: Ball
1-2: Ball
2-2: Foul Ball, location: 2F
2-2: Ball
3-2: Strikes out swinging
Batting: RHB Jared Thompson 0-0: Ball
1-0: Called Strike
1-1: Ball
2-1: Ground out 5-3 (Groundball, 56S)
Batting: SHB Miguel González 0-0: Foul Ball, location: 2F
0-1: Ball
1-1: Foul Ball, location: 2F
1-2: Ball
2-2: Ball
3-2: Ground out 6-3 (Groundball, 6)
Bottom of the 8th over - 0 run(s), 0 hit(s), 0 error(s), 0 left on base; Kalamazoo 13 - Beech Mountain 7
TOP OF THE 9TH
Kalamazoo Royale with Cheese batting - Pitching for Beech Mountain Mountaineers : RHP Bret McJannett
Batting: LHB Bill McJannett 0-0: Swinging Strike
0-1: Ball
1-1: Fly out, F7 (Flyball, 7D)
Batting: RHB Jorge Márquez 0-0: Called Strike
0-1: Ground out 6-3 (Groundball, 6)
Batting: SHB Caden Keith 0-0: Fly out, F8 (Flyball, 8LM)
Top of the 9th over - 0 run(s), 0 hit(s), 0 error(s), 0 left on base; Kalamazoo 13 - Beech Mountain 7
BOTTOM OF THE 9TH
Beech Mountain Mountaineers batting - Pitching for Kalamazoo Royale with Cheese : LHP Terry Klassen
Pitching: LHP Morgan McDormand
Batting: RHB John Anderson 0-0: Swinging Strike
0-1: Ball
1-1: Ball
2-1: SINGLE (Groundball, 34D)
Batting: LHB Tommy Payne 0-0: Ball
1-0: Swinging Strike
1-1: Ball
2-1: Called Strike
2-2: Ball
3-2: Strikes out swinging
Batting: RHB Rafael González 0-0: Called Strike
0-1: Ball
1-1: Swinging Strike
1-2: DOUBLE (Line Drive, 78D)
John Anderson to third
Batting: SHB Tony López 0-0: Ball
1-0: Called Strike
1-1: Fly out, F8 (Line Drive, 8LD)
Runner from 3rd tags up, SCORES, no throw
Batting: RHB António Zúñiga 0-0: Called Strike
0-1: Ball
1-1: Foul Ball, location: 2F
1-2: Ball
2-2: SINGLE (Groundball, 4MD)
Rafael González to third
Runner from 3rd tries for Home, SAFE, no throw
Batting: LHB Chris Bates 0-0: Called Strike
0-1: Swinging Strike
0-2: Ball
1-2: Ball
2-2: Foul Ball, location: 2F
2-2: Ball
3-2: SINGLE (Line Drive, 8LS)
António Zúñiga to second
António Zúñiga to third
Pitching: RHP Rikiya Sakurai
Batting: SHB Juan Castro 0-0: Ball
1-0: Fly out, F9 (Flyball, 9LM)
Bottom of the 9th over - 2 run(s), 4 hit(s), 0 error(s), 2 left on base; Kalamazoo 13 - Beech Mountain 9
Tuesday, August 8th, 2017 - OOTP Baseball 17.12 Build 75